 Dungeon Crawl Stone Soup version 0.29.0 (webtiles) character file.

Game seed: 12701469317163033274

1 NinjaNoafa the Sneak (level 1, 0/10 HPs)
             Began as a Kobold Enchanter on Aug 24, 2022.
             Slain by an endoplasm (2 damage)
             ... on level 1 of the Dungeon.
             The game lasted 00:00:51 (161 turns).

NinjaNoafa the Sneak (Kobold Enchanter)              Turns: 161, Time: 00:00:51

Health: 0/10       AC:  2    Str:  5    XL:     1   Next: 22%
Magic:  3/3        EV: 15    Int: 16    God:
Gold:   0          SH:  0    Dex: 15    Spells: 4/4 levels left

rFire   . . .      SeeInvis .   a - +1 dagger
rCold   . . .      Faith    .   (no shield)
rNeg    . . .      Spirit   .   b - +0 robe
rPois   .          Reflect  .   (no helmet)
rElec   .          Harm     .   (no cloak)
rCorr   .          Rampage  .   (no gloves)
Will    .....                   (no boots)
Stlth   ++++......              (no amulet)
HPRegen 0.03/turn               (no ring)
MPRegen 0.08/turn               (no ring)

@: brilliant, invisible
A: small, no large weapons, nightstalker 3
a: no special abilities


You were on level 1 of the Dungeon.
You visited 1 branch of the dungeon, and saw 1 of its levels.

Inventory:

Hand Weapons
 a - a +1 dagger (weapon)
Armour
 b - a +0 robe (worn)
Potions
 c - a potion of invisibility


   Skills:
 + Level 1.4 Short Blades
 + Level 2.4 Dodging
 + Level 4.0 Stealth
 - Level 2.1 Spellcasting
 + Level 3.0 Hexes
 + Level 0.1 Ice Magic


You had 4 spell levels left.
You didn't know any spells.
Your spell library contained the following spells:

 Spells                   Type           Power      Damage    Failure   Level
 Ensorcelled Hibernation  Hex/Ice        20%        N/A       16%         2
 Confusing Touch          Hex            17%        N/A       19%         3
 Tukima's Dance           Hex            17%        N/A       19%         3
 Dazzling Flash           Conj/Hex       18%        N/A       32%         3


Dungeon Overview and Level Annotations

Branches:
Dungeon (1/15)

Altars:


Innate Abilities, Weirdness & Mutations

You are small and have problems with some larger weapons.
You are completely attuned to the shadows.


Message History

The bat closely misses you.
An endoplasm comes into view.
Things that are here:
a +0 club; 3 stones; a kobold corpse The hobgoblin attacks as you move away!
The hobgoblin misses you. The hobgoblin attacks as you move away!
The hobgoblin hits you but does no damage.
The bat barely misses you. The bat attacks as you move away!
The bat closely misses you. The bat hits you but does no damage.
The bat misses you. The bat attacks as you move away! The bat hits you. x2
The bat attacks as you move away! The bat closely misses you.
Found a leather armour.
The bat misses you. The bat hits you but does no damage.
The bat barely misses you. The bat attacks as you move away!
The bat hits you but does no damage. The bat misses you. The bat hits you.
* * * LOW HITPOINT WARNING * * *
You hit the bat but do no damage. The bat hits you but does no damage.
The bat closely misses you.
Found a puce potion.
The bat closely misses you. The bat hits you but does no damage.
You see here a +0 leather armour.
Found a stone.
The bat barely misses you. The bat hits you but does no damage.
There are no items here.
You see here a puce potion.
d - a puce potion The bat closely misses you. x2
You fade into invisibility!
The bat barely misses you. The bat closely misses you.
The bat hits you but does no damage. The bat misses you.
You see here a stone.
It was a potion of brilliance.
You feel clever all of a sudden. The bat hits you.
* * * LOW HITPOINT WARNING * * *
The bat closely misses you. The bat barely misses you.
The bat closely misses you. The endoplasm hits you.
You die...

###### # #.....
########.##### #.#
..>..........##.!.##
########.###.#.#.#.##
.......l....J....
####.###)#..@..## #S#
#......... ♣♣♣♣ #l#
###..b..## ...♣ #.#
##...## ####
#.#######.## .<.#
#.[Slgb.(.# ...#
###########
'''####### ........⌠#


You could see an endoplasm and a bat.

Vanquished Creatures
  A ball python (D:1)
  A kobold (D:1)
2 creatures vanquished.

Notes
Turn   | Place    | Note
-------+----------+-------------------------------------------
     0 | D:1      | NinjaNoafa the Kobold Enchanter began the quest for the
                  | Orb.
     0 | D:1      | Reached XP level 1. HP: 10/10 MP: 3/3
   101 | D:1      | Found a faded altar of an unknown god.
   161 | D:1      | Slain by an endoplasm

Illustrated notes

Levels and vault maps discovered:
D:1:      beargit_arrival_diablo_church, layout_loops_ring,
          shapermc_ecumenical_altar_venn, dreamdust_princess_corridor,
          minmay_misc_feat_rows

Action                   || total
-------------------------++-------
Melee: Dagger            ||     5
  Use: Potion            ||     2
 Stab: Sleeping          ||     2
Armor: Robe              ||    11
Dodge: Dodged            ||    21
